 Dungeon Sprint DCSS version 0.18.1-50-g88ac8fd (webtiles) character file.

1254 Kagutsuchi the Fighter (level 8, -16/81 (82) HPs)
             Began as a Purple Draconian Berserker on Oct 22, 2016.
             Was an Elder of Trog.
             Shot with an arrow by a centaur warrior (23 damage)
             ... in the Dungeon (Sprint II: "The Violet Keep of Menkaure").
             The game lasted 00:02:52 (516 turns).

Kagutsuchi the Fighter (Purple Draconian Berserker)  Turns: 516, Time: 00:02:53

HP:   -16/81 (82)   AC:  6    Str: 17    XL:     8   Next: 26%
MP:   8/8           EV: 18    Int:  4    God:    Trog [****..]
Gold: 276           SH:  0    Dex: 13    Spells: 0 memorised, 7 levels left

rFire  . . .     SeeInvis .     a - +0 falchion
rCold  . . .     Gourm    .     (armour unavailable)
rNeg   . . .     Faith    .     (no shield)
rPois  .         Spirit   .     (helmet restricted)
rElec  .         Dismiss  .     (no cloak)
rCorr  .         Reflect  .     (no gloves)
SustAt .         Harm     .     (no boots)
MR     +....     NoTele   +     (no amulet)
Stlth  +.........               (no ring)
                                (no ring)

@: very slightly contaminated, hasted, very quick, somewhat resistant to hostile
enchantments, very unstealthy
A: breathe power, unfitting armour, dopey 2, regeneration 1, weak 1,
cold-blooded, AC +6
a: Breathe Dispelling Energy, Berserk, Trog's Hand, Brothers in Arms, Burn
Spellbooks, Renounce Religion


You were in the Dungeon.
You worshipped Trog.
Trog was greatly pleased with you.
You were near starving.

You visited 1 branch You collected 490 gold pieces.
You spent 214 gold pieces at shops.

Inventory:

Hand Weapons
 a - a +0 falchion (weapon)
Scrolls
 h - a scroll of blinking
Potions
 c - 4 potions of curing
 f - 2 potions of magic
 g - a potion of berserk rage
Comestibles
 b - a bread ration


   Skills:
 + Level 11.5 Fighting
 + Level 10.6 Long Blades
 + Level 10.7 Dodging


You had 7 spell levels left.
You didn't know any spells.

Dungeon Overview and Level Annotations

Branches:
Dungeon (1/1)

Altars:

Shops:
D !:((?=[=[:}(=?%!

Annotations:
D exclusion: oklob plant, Kirke


Innate Abilities, Weirdness & Mutations

You can breathe bolts of dispelling energy.
Your rich purple scales are hard (AC +6).
Your body does not fit into most forms of armour.
You are cold-blooded and may be slowed by cold attacks.
You are very dopey. (Int -4)
Your natural rate of healing is unusually fast.
You are weak. (Str -2)


Message History

You enter the shallow water.
Moving in this stuff is going to be slow.
The kobold demonologist splashes around in the water.
An elephant comes into view.
The kobold demonologist barely misses you.
The kobold demonologist splashes around in the water.
The yaktaur captain wields an arbalest.
The yaktaur captain shoots a bolt.
The bolt hits you!!!
* * * LOW HITPOINT WARNING * * *
You hear a splash.
You see here a bolt.
The centaur warrior wields a shortbow.
The centaur warrior shoots an arrow.
The arrow hits you!
* * * LOW HITPOINT WARNING * * *
You hear a splash.
You see here an arrow.
The yaktaur captain shoots a bolt.
The bolt closely misses you.
You hear a splash.
The centaur warrior shoots an arrow.
The arrow hits you!!
You die...

## .§§8.§§§.# .YF####
§§§§§§. ...≈## ..§§
############≈≈#+++#+++##
###########cc≈K........#
##.∩.∩....#≈≈≈≈.##'##..#
##..∩.∩...#(z≈≈##.†.# #
##...∩.∩..#(≈≈≈#..#..#
##....∩.⌠.#@≈####.#.####
##...∩.∩..#≈##.###+###.#
##..∩.∩...#≈#.#.##.##..#
##.∩.∩....'('##.'.<.†#
##∩.∩.....#≈##..##.##..#
#▓▓▓▓▓▓▓###≈##.###+# #.#
##$(.######≈≈### $#. ##
#?.$#hh ##≈≈≈#.B B.
#∩P?+h.#+ #'#≈##. .##


You could see a yaktaur captain, a skeletal warrior, a centaur warrior and a
kobold demonologist.

Vanquished Creatures
  A blink frog (D)
  4 neqoxecs (D)
  Menkaure (D)
  4 necrophages (D)
  4 worker ants (D)
14 creatures vanquished.

Vanquished Creatures (others)
  A crocodile (D)
1 creature vanquished.

Grand Total: 15 creatures vanquished

Notes
Turn   | Place    | Note
--------------------------------------------------------------
     0 | D        | Kagutsuchi the Draconian Berserker began the quest for the Orb.
     0 | D        | Reached XP level 1. HP: 19/19 MP: 1/1
     1 | D        | Noticed a boulder beetle
     1 | D        | Noticed a boulder beetle
     5 | D        | Noticed a worker ant
     5 | D        | Noticed a worker ant
     5 | D        | Noticed a worker ant
     5 | D        | Noticed a worker ant
    11 | D        | Killed a worker ant
    11 | D        | Reached skill level 4 in Fighting
    11 | D        | Reached XP level 2. HP: 15/28 MP: 2/2
    19 | D        | Reached ** piety under Trog
    19 | D        | Reached skill level 5 in Fighting
    19 | D        | Reached skill level 5 in Long Blades
    19 | D        | Reached XP level 3. HP: 25/36 MP: 3/3
    22 | D        | Reached skill level 5 in Dodging
    22 | D        | Reached XP level 4. HP: 29/44 MP: 4/4
    31 | D        | Reached skill level 6 in Fighting
    74 | D        | Killed a crocodile
    81 | D        | Noticed a neqoxec
    81 | D        | Noticed a neqoxec
    81 | D        | Noticed a neqoxec
    81 | D        | Noticed a neqoxec
    82 | D        | Gained mutation: You are dopey. (Int -2) [a neqoxec]
    88 | D        | Gained mutation: Your natural rate of healing is unusually fast. [a neqoxec]
    92 | D        | Killed a neqoxec
    92 | D        | Reached skill level 8 in Fighting
    92 | D        | Reached XP level 5. HP: 37/53 MP: 5/5
    95 | D        | Killed a neqoxec
    95 | D        | Reached *** piety under Trog
    95 | D        | Reached skill level 9 in Fighting
    95 | D        | Reached XP level 6. HP: 41/63 MP: 6/6
    95 | D        | Gained mutation: You are frail (-10% HP). [a neqoxec]
    98 | D        | Killed a neqoxec
   102 | D        | Lost mutation: You are frail (-10% HP). [a neqoxec]
   104 | D        | Gained mutation: You are very dopey. (Int -4) [a neqoxec]
   110 | D        | Gained mutation: You are weak. (Str -2) [a neqoxec]
   111 | D        | Lost intelligence.
   114 | D        | Killed a neqoxec
   114 | D        | Reached skill level 10 in Fighting
   114 | D        | Your scales start taking on a rich purple colour.
   114 | D        | Reached XP level 7. HP: 27/72 MP: 7/7
   214 | D        | Found Suighihi's Magic Scroll Emporium.
   214 | D        | Found Gipnorcho's Distillery.
   214 | D        | Found Kianlani's Book Shoppe.
   214 | D        | Found Pyrhujyu's Jewellery Shoppe.
   214 | D        | Found Zoosutul's Food Shoppe.
   214 | D        | Found Celeuw's Antique Armour Emporium.
   214 | D        | Found Laotur's Antique Weapon Emporium.
   214 | D        | Found Yfawil's Jewellery Shoppe.
   215 | D        | Found Xeul's Antique Armour Emporium.
   215 | D        | Found Pimadank's Jewellery Shoppe.
   215 | D        | Found Vuddaiq's Magic Scroll Shoppe.
   216 | D        | Found Usaec's Gadget Emporium.
   217 | D        | Found Seulateu's Antique Weapon Shoppe.
   217 | D        | Found Omihub's Antique Weapon Emporium.
   217 | D        | Noticed Menkaure
   217 | D        | Noticed an oklob plant
   218 | D        | Found Jastis's Distillery.
   218 | D        | Found Safiozxa's Book Shoppe.
   219 | D        | Noticed a polar bear
   220 | D        | Noticed a polar bear
   245 | D        | Killed Menkaure
   245 | D        | Reached **** piety under Trog
   254 | D        | Bought a potion of curing for 42 gold pieces
   254 | D        | Bought a potion of heal wounds for 70 gold pieces
   254 | D        | Bought a potion of curing for 42 gold pieces
   262 | D        | Bought 2 potions of curing for 60 gold pieces
   333 | D        | Noticed a blink frog
   376 | D        | Killed a blink frog
   376 | D        | Reached skill level 11 in Fighting
   376 | D        | Reached skill level 10 in Long Blades
   458 | D        | Noticed an ice statue
   466 | D        | Reached skill level 10 in Dodging
   466 | D        | Reached XP level 8. HP: 78/81 MP: 8/8
   507 | D        | Noticed a kobold demonologist
   508 | D        | Noticed Kirke
   508 | D        | Noticed a yaktaur captain
   508 | D        | Noticed a skeletal warrior
   508 | D        | Noticed a centaur warrior
   510 | D        | Noticed a spiny frog
   511 | D        | Noticed an elephant
   516 | D        | Shot with an arrow by a centaur warrior

Skill      XL: |  1  2  3  4  5  6  7 |
---------------+----------------------+-----
Fighting       | 4 5 8 9 10 11 | 11.5
Long Blades    | 4 5 7 8 9 10 | 10.6
Dodging        | 4 5 7 9 10 | 10.7

Action                   |  1- 3 |  4- 6 |  7- 9 || total
-------------------------+-------+-------+-------++-------
Melee: Falchion          |    16 |    34 |    76 ||   126
       Tailslap          |     2 |     7 |     9 ||    18
Invok: Berserk           |     1 |     1 |       ||     2
 Abil: Breathe Dispellin |       |       |     1 ||     1
  Use: Potion            |       |     2 |     2 ||     4
Armor: Skin              |     2 |     3 |    12 ||    17
Dodge: Dodged            |     9 |    14 |    70 ||    93
